 Dungeon Crawl Stone Soup version 0.21-a0-404-g291f19a (webtiles) character file.

185 IceWhale the Slasher (level 5, -2/47 HPs)
             Began as a Draconian Chaos Knight on Oct 28, 2017.
             Slain by a centaur
             ... wielding a cursed -1 whip
              (6 damage)
             ... on level 3 of the Dungeon.
             The game lasted 00:14:21 (2248 turns).

IceWhale the Slasher (Draconian Chaos Knight)       Turns: 2248, Time: 00:14:22

Health: -2/47      AC:  5    Str: 14    XL:     5   Next: 37%
Magic:  5/5        EV: 13    Int: 12    God:    Xom [*.....]
Gold:   113        SH:  0    Dex: 12    Spells: 4/4 levels left

rFire    . . .     SeeInvis .   a - +2 falchion (chaos)
rCold    . . .     Gourm    .   (no shield)
rNeg     . . .     Faith    .   (armour unavailable)
rPois    .         Spirit   .   (helmet restricted)
rElec    .         Reflect  .   (no cloak)
rCorr    .         Harm     .   (no gloves)
MR       .....                  (no boots)
Stlth    +.........             (no amulet)
HPRegen  0.15/turn              (no ring)
MPRegen  0.09/turn              (no ring)

@: very slightly contaminated
A: unfitting armour, cold-blooded, AC +5
a: Renounce Religion


You were on level 3 of the Dungeon.
You worshipped Xom.
You were a special plaything of Xom.
You were not hungry.

You visited 1 branch of the dungeon, and saw 3 of its levels.

You collected 113 gold pieces.

Inventory:

Hand Weapons
 a - a +2 falchion of chaos (weapon)
 h - a +0 hunting sling
 l - a +3 whip
Missiles
 i - 14 stones (quivered)
Armour
 g - a +0 robe
Scrolls
 d - a scroll of immolation {unknown}
 e - 3 scrolls of identify
 j - a scroll of remove curse
 m - a scroll of amnesia {unknown}
Comestibles
 b - a bread ration
 c - 2 chunks of flesh


   Skills:
 + Level 4.3 Fighting
 + Level 4.7 Long Blades
 + Level 0.4 Throwing
 + Level 3.0 Dodging
 + Level 0.9 Stealth


You had 4 spell levels left.
You didn't know any spells.

Dungeon Overview and Level Annotations

Branches:
Dungeon (3/15)

Altars:

Annotations:
D:3 Robin


Innate Abilities, Weirdness & Mutations

Your plain brown scales are hard. (AC +5)
You cannot fit into any form of body armour.
You are cold-blooded and may be slowed by cold attacks.


Message History

* * * LOW HITPOINT WARNING * * *
The centaur hits you but does no damage.
Press: ? - help, v - describe, . - travel
Here: a centaur, wielding a whip (heavily wounded)
The floor, spattered with blood.
You flicker for a moment.
Xom pokes at a nearby staircase.
The stone staircase leading up slides away from you!
The centaur closely misses you. The centaur hits you with a whip!
* * * LOW HITPOINT WARNING * * *
The centaur misses you.
You riposte.
You hit the centaur.
The centaur is severely wounded.
You eat one of the 2 bread rations.
That bread ration really hit the spot!
You flicker back into view.
The centaur barely misses you. The centaur closely misses you.
The centaur hits you with a whip.
* * * LOW HITPOINT WARNING * * *
The centaur hits you with a whip.
You die...

#.# #.......#.# .... #.#
#.........# .....
#.####.###.#...+#######+....#
#.##.......#.....).##........
#..#.##.##......[#......)....
##.......##.......#....####### .
#......##............#...#####..
##..#......#....c....####.)......
#..#.......##)..@...## ###......
..#.................# #......
.............<>.....# ##.....
..............###[#.# #.....
#.#...........##..#.## #.....
..#..........###.....# #.....
.###.............#.#..# #.....
)............#####.##.# ######
###.........## .. ..


You could see a centaur.

Vanquished Creatures
  A centaur skeleton (D:3)
  5 adders
  An ooze (D:3)
  3 worms (D:2)
  A dart slug (D:1)
  5 leopard geckos
  6 orcs (D:3)
  4 bats
  2 giant cockroaches (D:2)
  16 goblins
  7 hobgoblins
  13 jackals
  5 kobolds
  7 frilled lizards
  7 rats
83 creatures vanquished.

Notes
Turn   | Place    | Note
-------+----------+-------------------------------------------
     0 | D:1      | IceWhale the Draconian Chaos Knight began the quest for the Orb.
     0 | D:1      | Reached XP level 1. HP: 19/19 MP: 1/1
     4 | D:1      | XOM: potion effect (invisibility)
    65 | D:1      | XOM: divination: magic mapping
    99 | D:1      | Reached XP level 2. HP: 22/26 MP: 2/2
   123 | D:1      | XOM: divination: detect items
   127 | D:1      | XOM: silly message
   223 | D:1      | XOM: potion effect (agility)
   533 | D:1      | XOM: harmless Fire miscast
   668 | D:1      | XOM: medium Tmut miscast
   821 | D:1      | Reached XP level 3. HP: 33/33 MP: 3/3
  1300 | D:2      | Reached XP level 4. HP: 34/40 MP: 4/4
  1340 | D:2      | XOM: harmless Tloc miscast
  1744 | D:2      | XOM: noise
  2072 | D:3      | XOM: swap monsters
  2115 | D:3      | Reached XP level 5. HP: 44/46 MP: 5/5
  2156 | D:3      | Noticed Robin
  2202 | D:3      | XOM: 1-stop teleportation journey
  2236 | D:3      | Noticed a centaur
  2236 | D:3      | an orc priest changed into a centaur
  2240 | D:3      | XOM: repel stairs
  2248 | D:3      | Slain by a centaur

Vault maps used:
D:1:      minmay_arrival_four_loops, serial_glass, glass_columns_c,
          glass_columns_a, minmay_tromino_v4_c
D:2:      nrook_uturn, grunt_decor_clamped, grunt_ministairs_5,
          kennysheep_generic_room_4
D:3:      nicolae_ru_great_annihilating_truth, grunt_ashenzari_visionary,
          uniq_robin, uniq_ijyb

Skill      XL: |  1  2  3  4 |
---------------+-------------+-----
Fighting       | 4 |  4.3
Long Blades    | 4 |  4.7
Dodging        | 3 |  3.0
Throwing       | |  0.4
Stealth        | |  0.9

Action                   |  1- 3 |  4- 6 || total
-------------------------+-------+-------++-------
Melee: Falchion          |    89 |    63 ||   152
       Tailslap          |     9 |     7 ||    16
Throw: Stone             |       |    31 ||    31
  Use: Scroll            |     4 |     4 ||     8
       Potion            |       |     3 ||     3
 Stab: Confused          |     3 |       ||     3
       Invisible         |       |     3 ||     3
  Eat: Chunk             |     1 |     3 ||     4
       Bread ration      |       |     1 ||     1
Armor: Skin              |    29 |    31 ||    60
Dodge: Dodged            |    72 |    81 ||   153
       Rpst.: Falchion   |    29 |    34 ||    63

Table legend:
 A = Spawn XP
 B = Non-spawn XP
 C = Spawn XP percentage of total XP
 D = Spawn monster count
 E = Non-spawn monster count
 F = Spawn count percentage of total count
 G = Total turns spent on level
                    A         B        C        D         E        F      G
               +---------+---------+-------+---------+---------+-------+---------
         Total |       0 |     265 |   0.0 |       0 |      83 |   0.0 |  2248
               +---------+---------+-------+---------+---------+-------+---------
           D:1 |       0 |      41 |   0.0 |       0 |      23 |   0.0 |   906
           D:2 |       0 |     115 |   0.0 |       0 |      33 |   0.0 |  1020
           D:3 |       0 |     109 |   0.0 |       0 |      27 |   0.0 |   322
               +---------+---------+-------+---------+---------+-------+---------
